 Dungeon Crawl Stone Soup version 0.28-a0-1190-g77e1c55843 (webtiles) character file.

Game seed: 14778044359168028849

1457 Gargoyl the Skirmisher (level 8, -2/67 HPs)
             Began as a Gnoll Abyssal Knight on Dec 18, 2021.
             Was a Believer of Lugonu.
             Slain by Edmund (7 damage)
             ... on level 5 of the Dungeon.
             The game lasted 00:07:18 (8540 turns).

Gargoyl the Skirmisher (Gnoll Abyssal Knight)       Turns: 8540, Time: 00:07:19

Health: -2/67      AC: 13    Str: 14      XL:     8   Next: 76%
Magic:  0/13       EV:  3    Int: 10      God:    Lugonu [**....]
Gold:   182        SH:  8    Dex: 12 (13) Spells: 14/14 levels left

rFire   . . .      SeeInvis .   a - +1 hand axe
rCold   . . .      Faith    .   f - +0 kite shield
rNeg    + . .      Spirit   +   h - +0 plate armour
rPois   +          Reflect  .   (no helmet)
rElec   .          Harm     .   (no cloak)
rCorr   .          Rampage  .   c - +0 pair of gloves
Will    .....                   (no boots)
Stlth   ..........              n - amulet of guardian spirit
HPRegen 0.21/turn               g - ring of poison resistance
MPRegen 0.13/turn               k - ring of positive energy

@: no status effects
A: fangs 1, strong nose, distributed training
a: Renounce Religion, Depart the Abyss, Bend Space


You were on level 5 of the Dungeon.
You worshipped Lugonu.
Lugonu was pleased with you.
You visited 1 branch of the dungeon, and saw 6 of its levels.
You visited the Abyss 1 time.

You collected 182 gold pieces.

Inventory:

Hand Weapons
 a - a +1 hand axe (weapon)
Armour
 c - a +0 pair of gloves (worn)
 f - a +0 kite shield (worn)
 h - a +0 plate armour (worn)
Jewellery
 g - a ring of poison resistance (left hand)
 k - a ring of positive energy (right hand)
 n - an amulet of guardian spirit (around neck)
Wands
 m - a wand of flame (9)
Scrolls
 j - a scroll of fog
 l - a scroll of fear
 p - 5 scrolls of teleportation
Potions
 i - a potion of lignification {unknown}
 o - a potion of brilliance {unknown}


   Skills:
 + Level 7.5 Fighting
 + Level 3.5 Short Blades
 + Level 3.5 Long Blades
 + Level 5.8 Axes
 + Level 3.5 Maces & Flails
 + Level 3.5 Polearms
 + Level 3.5 Staves
 + Level 3.5 Slings
 + Level 3.5 Bows
 + Level 3.5 Crossbows
 + Level 3.5 Throwing
 + Level 5.8 Armour
 + Level 4.4 Dodging
 + Level 3.5 Stealth
 + Level 3.5 Shields
 + Level 3.5 Unarmed Combat
 + Level 3.5 Spellcasting
 + Level 2.9 Conjurations
 + Level 2.9 Hexes
 + Level 2.9 Summonings
 + Level 2.9 Necromancy
 + Level 2.9 Translocations
 + Level 2.9 Transmutations
 + Level 2.9 Fire Magic
 + Level 2.9 Ice Magic
 + Level 2.9 Air Magic
 + Level 2.9 Earth Magic
 + Level 2.9 Poison Magic
 + Level 6.1 Invocations
 + Level 3.5 Evocations


You had 14 spell levels left.
You didn't know any spells.
Your spell library contained the following spells:

 Spells                   Type           Power      Damage    Failure   Level
 Corpse Rot               Necr/Air       14%        N/A       100%        2
 Passwall                 Tmut/Erth      5%         N/A       100%        2
 Poisonous Vapours        Pois/Air       14%        N/A       100%        2
 Swiftness                Air            7%         N/A       100%        3


Dungeon Overview and Level Annotations

Branches:
Dungeon (6/15)
 Temple: D:4-7

Altars:
Gozag
The Shining One

Shops:
D:1 [   D:3 =

Annotations:
D:4 3 runed translucent doors, caleiya's ghost, amateur GrFi
D:5 Edmund; Sigmund


Innate Abilities, Weirdness & Mutations

You have very sharp teeth.
Your uncanny sense of smell can sniff out nearby items.
Your experience applies equally to all skills.


Message History

Edmund is heavily wounded.
Edmund hits you with a +3 dire flail of protection.
* * * LOW HITPOINT WARNING * * *
You hit Edmund. You bite Edmund, but do no damage.
Edmund is severely wounded.
You block Edmund's attack.
You barely miss Edmund.
Edmund is severely wounded.
Edmund hits you with a +3 dire flail of protection!
* * * LOW HITPOINT WARNING * * *
Unknown command.
You feel better.
Edmund hits you with a +3 dire flail of protection.
* * * LOW HITPOINT WARNING * * *
You are confused.
You feel invigorated.
Edmund hits you with a +3 dire flail of protection!
* * * LOW HITPOINT WARNING * * *
You bump into the rock wall.
Edmund hits you with a +3 dire flail of protection.
* * * LOW HITPOINT WARNING * * *
You're too confused to move!
Edmund hits you with a +3 dire flail of protection!
* * * LOW HITPOINT WARNING * * *
You feel less invigorated.
You feel less confused.
Edmund hits you with a +3 dire flail of protection!
* * * LOW HITPOINT WARNING * * *
You hit Edmund.
Edmund is severely wounded.
Edmund hits you with a +3 dire flail of protection.
* * * LOW HITPOINT WARNING * * *
You block Edmund's attack.
You hit Edmund.
Edmund is severely wounded.
You block Edmund's attack.
You closely miss Edmund.
Edmund is severely wounded.
Edmund hits you with a +3 dire flail of protection!
You die...

...## ##..........#
##..# ...#
#...........# #...####
..##
##..........####......#
###
#..........#.....######
#...............##
##.............## #
########.....## #
#....## # #### #.>@## #
##..#### #.@## ###
#......# #..# ###.#
#<.....# #..# ##...#
#......# #..# ##....##
#......# #..# ##......#
##......# #..#
##.......# #......##
#.(# ##........#
#......# #..#
#.........#


You could see Edmund.

Vanquished Creatures
  Eustachio (D:6)
  A water moccasin (D:5)
  2 ice beasts (D:5)
  A black bear (D:4)
  2 ogres (D:4)
  A centaur (D:5)
  2 scorpions (D:4)
  A wyvern skeleton (D:6)
  3 hounds (D:4)
  2 orc priests
  A bullfrog skeleton (D:5)
  3 iguanas
  3 orc wizards (D:6)
  4 gnolls (D:4)
  8 adders
  A white imp (D:5)
  An adder skeleton (D:5)
  4 worms
  3 dart slugs
  6 orcs
  11 ball pythons
  13 endoplasms
  4 giant cockroaches
  5 goblins
  7 hobgoblins
  3 jackals (D:4)
  6 kobolds
  3 quokkas
  5 bats
  4 frilled lizards
111 creatures vanquished.

Notes
Turn   | Place    | Note
-------+----------+-------------------------------------------
     0 | Abyss:1  | Gargoyl the Gnoll Abyssal Knight began the quest for the
                  | Orb.
     0 | Abyss:1  | Reached XP level 1. HP: 23/23 MP: 3/3
   103 | Abyss:2  | Noticed a juggernaut zombie
   103 | Abyss:2  | Noticed a necromancer
   103 | Abyss:2  | Noticed a harpy skeleton
   104 | D:1      | Escaped the Abyss
   143 | D:1      | Reached * piety under Lugonu
   246 | D:1      | Reached XP level 2. HP: 29/29 MP: 5/5
   251 | D:1      | Found Ufodaf's Armour Shoppe.
   338 | D:1      | Found a faded altar of an unknown god.
   339 | D:1      | Noticed a floating eye
   345 | D:1      | Noticed a great orb of eyes
   345 | D:1      | Noticed a floating eye
   345 | D:1      | Noticed a golden eye
   779 | D:1      | Reached XP level 3. HP: 33/35 MP: 6/6
  1591 | D:2      | Reached skill level 1 in Short Blades
  1591 | D:2      | Reached skill level 1 in Long Blades
  1591 | D:2      | Reached skill level 1 in Maces & Flails
  1591 | D:2      | Reached skill level 1 in Polearms
  1591 | D:2      | Reached skill level 1 in Staves
  1591 | D:2      | Reached skill level 1 in Slings
  1591 | D:2      | Reached skill level 1 in Bows
  1591 | D:2      | Reached skill level 1 in Crossbows
  1591 | D:2      | Reached skill level 1 in Throwing
  1591 | D:2      | Reached skill level 1 in Stealth
  1591 | D:2      | Reached skill level 1 in Shields
  1591 | D:2      | Reached skill level 1 in Unarmed Combat
  1591 | D:2      | Reached skill level 1 in Spellcasting
  1591 | D:2      | Reached skill level 1 in Evocations
  1909 | D:2      | Reached XP level 4. HP: 38/41 MP: 7/7
  2367 | D:3      | Reached skill level 1 in Conjurations
  2367 | D:3      | Reached skill level 1 in Hexes
  2367 | D:3      | Reached skill level 1 in Summonings
  2367 | D:3      | Reached skill level 1 in Necromancy
  2367 | D:3      | Reached skill level 1 in Translocations
  2367 | D:3      | Reached skill level 1 in Transmutations
  2367 | D:3      | Reached skill level 1 in Fire Magic
  2367 | D:3      | Reached skill level 1 in Ice Magic
  2367 | D:3      | Reached skill level 1 in Air Magic
  2367 | D:3      | Reached skill level 1 in Earth Magic
  2367 | D:3      | Reached skill level 1 in Poison Magic
  2430 | D:3      | Reached ** piety under Lugonu
  2594 | D:3      | Reached XP level 5. HP: 47/47 MP: 8/8
  3024 | D:3      | Found Piqugg's Jewellery Shoppe.
  3614 | D:4      | Reached skill level 5 in Invocations
  3614 | D:4      | Reached XP level 6. HP: 17/53 MP: 1/9
  3824 | D:4      | Found a runed translucent gate.
  3824 | D:4      | Found a runed translucent gate.
  3825 | D:4      | Found a runed translucent gate.
  3827 | D:4      | Noticed caleiya's ghost (amateur GrFi)
  3873 | D:4      | Reached skill level 5 in Axes
  3873 | D:4      | Reached skill level 5 in Armour
  4471 | D:4      | Reached XP level 7. HP: 32/59 MP: 6/10
  4640 | D:4      | Reached skill level 7 in Fighting
  5511 | D:5      | Entered Level 5 of the Dungeon
  6185 | D:5      | Reached XP level 8. HP: 42/67 MP: 6/12
  6658 | D:5      | Found an opulent altar of Gozag.
  6857 | D:5      | Noticed Sigmund
  7519 | D:5      | Found a glowing golden altar of the Shining One.
  8008 | D:6      | Noticed Eustachio
  8183 | D:6      | Killed Eustachio
  8478 | D:6      | Noticed Edmund
  8540 | D:5      | Slain by Edmund

Illustrated notes

Levels and vault maps discovered:
D:1:      saegor_arrival_simple_c, layout_loops_ring,
          hellmonk_ecumenical_altar_watching_god, serial_shops, shop,
          minmay_ruptured
D:2:      layout_loops_corners, roderic_filled_cross
D:3:      layout_basic, serial_shops, nicolae_shop_stone,
          minmay_misc_feat_tower, minmay_between
D:4:      layout_cave_pods, gammafunk_ghost_nasty_kobolds
D:5:      layout_cave_pods, mainiacjoe_overflow_catch_the_wave,
          kennysheep_generic_room_9, uniq_sigmund
D:6:      layout_cave_pods, kennysheep_mini, nicolae_overflow_crystal_walls,
          uniq_eustachio, uniq_pikel, uniq_blork_the_orc, uniq_edmund,
          uniq_maggie

Skill      XL: |  1  2  3  4  5  6  7  8 |
---------------+-------------------------+-----
Short Blades   | 1 2 3 |  3.5
Long Blades    | 1 2 3 |  3.5
Maces & Flails | 1 2 3 |  3.5
Polearms       | 1 2 3 |  3.5
Staves         | 1 2 3 |  3.5
Slings         | 1 2 3 |  3.5
Bows           | 1 2 3 |  3.5
Crossbows      | 1 2 3 |  3.5
Throwing       | 1 2 3 |  3.5
Stealth        | 1 2 3 |  3.5
Shields        | 1 2 3 |  3.5
Unarmed Combat | 1 2 3 |  3.5
Spellcasting   | 1 2 3 |  3.5
Evocations     | 1 2 3 |  3.5
Conjurations   | 1 2 |  2.9
Hexes          | 1 2 |  2.9
Summonings     | 1 2 |  2.9
Necromancy     | 1 2 |  2.9
Translocations | 1 2 |  2.9
Transmutations | 1 2 |  2.9
Fire Magic     | 1 2 |  2.9
Ice Magic      | 1 2 |  2.9
Air Magic      | 1 2 |  2.9
Earth Magic    | 1 2 |  2.9
Poison Magic   | 1 2 |  2.9
Dodging        | 3 4 |  4.4
Invocations    | 5 6 |  6.1
Axes           | 5 |  5.8
Armour         | 5 |  5.8
Fighting       | 7 |  7.5

Action                   |  1- 3 |  4- 6 |  7- 9 || total
-------------------------+-------+-------+-------++-------
Melee: Hand axe          |   122 |   202 |   312 ||   636
       Bite              |    14 |    23 |    34 ||    71
Throw: Dart              |       |       |     9 ||     9
Invok: Depart the Abyss  |     1 |       |       ||     1
Evoke: Wand              |       |       |     1 ||     1
  Use: Scroll            |     2 |     6 |     2 ||    10
       Potion            |       |     3 |     3 ||     6
 Stab: Sleeping          |     1 |       |       ||     1
Armor: Leather armour    |    10 |       |       ||    10
       Plate armour      |    61 |   181 |   386 ||   628
Dodge: Dodged            |    17 |    26 |    63 ||   106
Block: Kite shield       |    41 |    87 |   215 ||   343

Table legend: (Time is in decaauts)
 A = Elapsed time spent in this place.
 B = Non-inter-level travel time spent in this place.
 C = Inter-level travel time spent in this place.
 D = Time resting spent in this place.
 E = Time spent auto-exploring this place.
 F = Levels seen in this place.
 G = Mean time per level.
                   A        B        C        D        E       F      G
               +--------+--------+--------+--------+--------+-----+--------+
         Total |   8731 |   8648 |     83 |    773 |   6173 |   8 | 1091.4 |
       Dungeon |   8627 |   8544 |     83 |    773 |   6098 |   6 | 1437.8 |
         Abyss |    103 |    103 |      0 |      0 |     75 |   2 |   51.5 |
               +--------+--------+--------+--------+--------+-----+--------+

Top non-repeatable levels by time:
     D:4: 2461 daAuts
     D:5: 1981 daAuts
     D:2: 1331 daAuts
     D:3: 1150 daAuts
     D:1: 902 daAuts
     D:6: 800 daAuts
 Abyss:1: 72 daAuts
 Abyss:2: 31 daAuts
